 Dungeon Crawl Stone Soup version 0.23.2-40-g277498a001 (webtiles) character file.

Game seed: 5697700776600053169

390 Descartes the Covered (level 6, -4/38 HPs)
             Began as a Tengu Fighter on Aug 30, 2019.
             Slain by a slave (6 damage)
             ... led by Pikel
             ... on level 4 of the Dungeon.
             The game lasted 00:08:26 (3059 turns).

Descartes the Covered (Tengu Fighter)               Turns: 3059, Time: 00:08:28

Health: -4/38      AC:  9    Str: 16      XL:     6   Next: 80%
Magic:  19/19      EV: 10    Int: 11      God:
Gold:   180        SH:  9    Dex: 14 (15) Spells: 9/9 levels left

rFire    . . .     SeeInvis .   a - +0 long sword
rCold    + . .     Gourm    .   c - +0 shield
rNeg     . . .     Faith    .   u - +0 scale mail
rPois    .         Spirit   .   (helmet restricted)
rElec    .         Reflect  .   (no cloak)
rCorr    .         Harm     .   (no gloves)
MR       .....                  (boots unavailable)
Stlth    +.........             (no amulet)
HPRegen  0.12/turn              y - ring of magical power
MPRegen  0.16/turn              p - ring of protection from cold

@: flying quickly and evasively, quick
A: antennae 1, beak, talons 3, thin metallic scales 1, agile 1, able to fly
a: Stop Flying


You were on level 4 of the Dungeon.
You were hungry.

You visited 1 branch of the dungeon, and saw 4 of its levels.

You collected 180 gold pieces.

Inventory:

Hand Weapons
 a - a +0 long sword (weapon)
 b - a +5 hunting sling
Missiles
 t - 9 arrows
 v - 42 stones (quivered)
 w - 39 sling bullets
 A - 32 bolts
Armour
 c - a +0 shield (worn)
 u - a +0 scale mail (worn)
Jewellery
 g - a cursed ring of ice
 o - an uncursed ring of wizardry
 p - a ring of protection from cold (right hand)
 y - a ring of magical power (left hand)
Wands
 r - a wand of flame (24)
Scrolls
 e - a scroll of random uselessness {unknown}
 i - 2 scrolls of identify
 j - 5 scrolls of fog {unknown}
 k - a scroll of noise {unknown}
 l - 3 scrolls of enchant weapon {unknown}
 n - a scroll of amnesia {unknown}
 q - 2 scrolls of remove curse {unknown}
 x - a scroll of blinking {unknown}
 B - a scroll of teleportation {unknown}
Potions
 d - a potion of might
 h - 2 potions of agility
 m - 3 potions of heal wounds
 s - 2 potions of curing
 z - a potion of cancellation {unknown}
 D - a potion of magic {unknown}
 E - a potion of haste {unknown}
 F - a potion of flight {unknown}
Comestibles
 f - 10 rations
 C - 7 chunks of flesh


   Skills:
 + Level 3.8 Fighting
 + Level 3.5 Long Blades
 + Level 4.2 Armour
 + Level 2.5 Dodging
 + Level 2.4 Stealth
 + Level 3.9 Shields
 + Level 2.0 Spellcasting


You had 9 spell levels left.
You didn't know any spells.
Your spell library contained the following spells:

 Spells                   Type           Power        Failure   Level  Hunger
 Corona                   Hex            #......      99%         1    ##.....
 Ensorcelled Hibernation  Hex/Ice        #.....       99%         2    ###....
 Confuse                  Hex            #.......     100%        3    ####...
 Dazzling Spray           Conj/Hex       #.....       100%        3    ####...
 Tukima's Dance           Hex            #.......     100%        3    ####...


Dungeon Overview and Level Annotations

Branches:
Dungeon (4/15)
 Temple: D:4-7

Altars:

Annotations:
D:4 Pikel


Innate Abilities, Weirdness & Mutations

You have a beak for a mouth.
You have claws for feet.
You can fly continuously.
You have a pair of small antennae on your head.
You are partially covered in thin metallic scales. (AC +2)
You are agile. (Dex +2)


Message History

You hit Pikel. You claw Pikel.
Pikel is heavily wounded.
Pikel hits you but does no damage. You block the slave's attack. x2
The slave closely misses you.
You riposte.
You completely miss the slave. Your peck misses the slave.
Pikel cracks his whip.
Pikel hits you but does no damage.
You hit Pikel.
Pikel is severely wounded.
The slave hits you. You block the slave's attack. The slave barely misses you.
Pikel hits you but does no damage. You block the slave's attack.
The slave hits you but does no damage. The slave completely misses you.
You hit Pikel. Your peck misses Pikel.
Pikel is severely wounded.
Pikel hits you with a +1 whip of flaming!
* * * LOW HITPOINT WARNING * * *
Pikel burns you.
* * * LOW HITPOINT WARNING * * *
The slave closely misses you. x2; The slave hits you.
You die...

##.......)..## .......#....##
.....[.......# ####
...........#####..#####
...........###.#....#.###
......##...........##.#.##
.....####......##..#.....#
.....##...##..##.p##...[.#
......#...####..@p.......#
.........#####..pK......$#
...#.........##.##.....###
...###.......#..##....##.##
.....#..###....###....#...#
...#.......#...###........#
..##............#........####
.###.........#..............##
..#.........##...............#


You could see Pikel and 3 slaves.

Vanquished Creatures
  A slave (D:4)
  A phantom (D:4)
  A quasit (D:3)
  A hound (D:4)
  An iguana (D:4)
  4 worker ants (D:4)
  An orc wizard (D:3)
  An adder (D:2)
  An ooze (D:2)
  2 worms
  4 dart slugs
  2 leopard geckos
  4 orcs (D:3)
  6 bats
  5 giant cockroaches
  8 goblins
  7 hobgoblins
  4 jackals (D:1)
  2 quokkas
  2 ball pythons
  3 frilled lizards
  7 rats
68 creatures vanquished.

Notes
Turn   | Place    | Note
-------+----------+-------------------------------------------
     0 | D:1      | Descartes the Tengu Fighter began the quest for the Orb.
     0 | D:1      | Reached XP level 1. HP: 14/14 MP: 2/2
   105 | D:1      | Reached XP level 2. HP: 19/19 MP: 3/3
   346 | D:1      | Reached XP level 3. HP: 22/23 MP: 4/4
   520 | D:2      | Reached skill level 1 in Dodging
   520 | D:2      | Reached skill level 1 in Stealth
   691 | D:2      | Reached skill level 1 in Spellcasting
   897 | D:2      | Reached XP level 4. HP: 28/28 MP: 6/6
  2169 | D:4      | Noticed a phantom
  2208 | D:4      | Killed a phantom
  2208 | D:4      | Gained mutation: You can fly continuously. [Tengu growth]
  2208 | D:4      | Reached XP level 5. HP: 5/32 MP: 6/8
  2398 | D:4      | Reached skill level 4 in Armour
  2398 | D:4      | Reached XP level 6. HP: 17/37 MP: 9/9
  2646 | D:4      | Gained mutation: You are agile. (Dex +2) [potion of
                  | mutation]
  2646 | D:4      | Gained mutation: You are partially covered in thin metallic
                  | scales. (AC +2) [potion of mutation]
  2646 | D:4      | Gained mutation: You have a pair of small antennae on your
                  | head. [potion of mutation]
  3025 | D:4      | Noticed Pikel
  3031 | D:4      | Noticed a slave
  3031 | D:4      | Noticed a slave
  3031 | D:4      | Noticed a slave
  3037 | D:4      | Noticed a slave
  3053 | D:4      | Killed a slave
  3059 | D:4      | Slain by a slave

Skill      XL: |  1  2  3  4  5  6 |
---------------+-------------------+-----
Dodging        | 1 2 |  2.5
Stealth        | 1 2 |  2.4
Spellcasting   | 1 2 |  2.0
Long Blades    | 3 |  3.5
Armour         | 4 |  4.2
Fighting       | |  3.8
Shields        | |  3.9

Action                   |  1- 3 |  4- 6 || total
-------------------------+-------+-------++-------
Melee: Long sword        |    67 |    66 ||   133
       Peck              |    12 |    11 ||    23
       Kick              |    19 |    14 ||    33
 Fire: Hunting sling     |       |    99 ||    99
 Abil: Fly               |       |     1 ||     1
  Use: Scroll            |       |     4 ||     4
       Potion            |       |     1 ||     1
  Eat: Chunk             |       |     3 ||     3
       Ration            |       |     1 ||     1
Armor: Scale mail        |    29 |    55 ||    84
Dodge: Dodged            |    17 |    56 ||    73
Block: Shield            |    26 |    55 ||    81
       Rpst.: Long sword |     6 |    10 ||    16
